 Dungeon Crawl Stone Soup version 0.30-a0-1112-gfb780f5df6 (console) character file.

Game seed: 14420455520097514919

230 jejorda2 the Poker (level 6, -10/49 HPs)
             Began as a Merfolk Berserker on Apr 20, 2023.
             Was a Believer of Trog.
             Mangled by an orc warrior
             ... wielding a +0 broad axe
              (11 damage)
             ... on level 4 of the Dungeon.
             The game lasted 00:05:08 (2696 turns).

jejorda2 the Poker (Merfolk Berserker)              Turns: 2696, Time: 00:05:09

Health: -10/49     AC:  7    Str: 20    XL:     6   Next: 3%
Magic:  6/6        EV: 10    Int:  6    God:    Trog [**....]
Gold:   205        SH:  0    Dex: 13    Spells: 5/5 levels left

rFire   . . .      SeeInvis .    a - +0 spear
rCold   + . .      Faith    .    (no shield)
rNeg    . . .      Spirit   .    v - +0 scale mail
rPois   .          Reflect  .    (no helmet)
rElec   .          Rampage  .    (no cloak)
rCorr   .                        (no gloves)
Will    .....                    j - +0 pair of boots Stlth
                                 (no amulet)
HPRegen 0.28/turn                x - ring of protection from cold
MPRegen 0.10/turn                (no ring)

@: on berserk cooldown, slowed, very slow
A: (nimble swimmer 2), mertail
a: Renounce Religion, Berserk, Trog's Hand


You were on level 4 of the Dungeon.
You worshipped Trog.
Trog was pleased with you.
You visited 1 branch of the dungeon, and saw 4 of its levels.

You collected 205 gold pieces.

Inventory:

Hand Weapons
 a - a +0 spear (weapon)
Missiles
 h - 2 poisoned darts (quivered)
 k - 17 stones
 s - 6 javelins
Armour
 j - a +0 pair of boots (worn)
 v - a +0 scale mail (worn)
Jewellery
 x - a ring of protection from cold (left hand)
Wands
 u - a wand of digging (8)
Scrolls
 b - a scroll of enchant weapon {unknown}
 c - 3 scrolls of identify {unknown}
 d - a scroll of teleportation {unknown}
 e - a scroll of immolation {unknown}
 g - a scroll of amnesia {unknown}
 l - a scroll of noise {unknown}
 m - a scroll of fog {unknown}
 o - a scroll of butterflies {unknown}
 p - a scroll of fear {unknown}
 q - a scroll of brand weapon {unknown}
 r - 2 scrolls of poison {unknown}
Potions
 f - a potion of mutation {unknown}
 i - a potion of brilliance {unknown}
 n - a potion of resistance {unknown}
 t - a potion of heal wounds {unknown}
 w - 3 potions of invisibility {unknown}
 z - a potion of flight {unknown}


   Skills:
 + Level 4.5 Fighting
 * Level 6.7 Polearms
 + Level 2.5 Armour
 - Level 2.6 Dodging


You had 5 spell levels left.
You didn't know any spells.
Your spell library was empty.

Dungeon Overview and Level Annotations

Branches:
Dungeon (4/15)
 Temple: D:4-7

Altars:
Vehumet


Innate Abilities, Weirdness & Mutations

((You are very nimble when in or above water. (Stealth+, EV+, Speed+++)))
Your lower body shifts to a powerful aquatic tail in water.


Message History

You closely miss the orc warrior. Your punch misses the orc warrior.
The orc warrior is lightly wounded.
You closely miss the orc warrior.
The orc warrior is lightly wounded.
The orc warrior hits you with a +0 broad axe!!
You barely miss the orc warrior.
The orc warrior is lightly wounded.
The orc warrior hits you with a +0 broad axe!
* * * LOW HITPOINT WARNING * * *
You closely miss the orc warrior.
The orc warrior is lightly wounded.
You puncture the orc warrior!
The orc warrior is heavily wounded.
The orc warrior misses you.
You hit the orc warrior.
The orc warrior is heavily wounded.
You closely miss the orc warrior.
The orc warrior is heavily wounded.
The orc warrior closely misses you.
You hit the orc warrior.
The orc warrior is severely wounded.
You puncture the orc warrior!
The orc warrior is almost dead.
The orc warrior closely misses you.
You barely miss the orc warrior.
The orc warrior is almost dead.
You completely miss the orc warrior.
The orc warrior is almost dead.
The orc warrior hits you with a +0 broad axe!
* * * LOW HITPOINT WARNING * * *
You closely miss the orc warrior.
The orc warrior is almost dead.
You are no longer berserk.
You are exhausted.
You feel yourself slow down.
You hit the orc warrior.
The orc warrior is almost dead.
The orc warrior barely misses you.
The orc warrior hits you with a +0 broad axe!
You die...

.. #.....#
##.........
#......##........#
#...............#
. #......#..#...#
.o ......#..#..#
... #..[##.#..#
...# . ##.....#.#
...#
...##.......@#...#
...........#.o..#
.......<..##...##
..........##..##
.##.....#....##
##.####..##.. #.
##.# . . .. . #
.....


You could see an orc warrior.

Vanquished Creatures
  A water moccasin (D:3)
  A hound (D:3)
  A gnoll (D:3)
  An adder (D:2)
  5 worms
  2 dart slugs (D:2)
  2 orcs (D:3)
  9 ball pythons
  2 bats
  5 endoplasms
  2 giant cockroaches (D:2)
  5 goblins
  5 hobgoblins
  3 kobolds
  A quokka (D:1)
  2 frilled lizards
  8 rats
55 creatures vanquished.

Notes
Turn   | Place    | Note
-------+----------+-------------------------------------------
     0 | D:1      | jejorda2 the Merfolk Berserker began the quest for the Orb.
     0 | D:1      | Reached XP level 1. HP: 18/18 MP: 1/1
   188 | D:1      | Reached XP level 2. HP: 19/24 MP: 2/2
   911 | D:2      | Reached XP level 3. HP: 29/29 MP: 3/3
  1150 | D:2      | Reached skill level 5 in Polearms
  1627 | D:2      | Reached XP level 4. HP: 33/37 MP: 4/4
  1691 | D:3      | Reached ** piety under Trog
  1758 | D:3      | Found a radiant altar of Vehumet.
  2155 | D:3      | Noticed a water moccasin
  2161 | D:3      | Killed a water moccasin
  2162 | D:3      | Reached skill level 6 in Polearms
  2162 | D:3      | Reached XP level 5. HP: 43/43 MP: 5/5
  2260 | D:3      | Reached XP level 6. HP: 42/49 MP: 6/6
  2670 | D:4      | Noticed an orc warrior
  2694 | D:4      | HP: 1/73 [orc warrior/+0 broad axe (12)]
  2696 | D:4      | Mangled by an orc warrior

Illustrated notes

Levels and vault maps discovered:
D:1:      elethiomel_arrival_quiet, layout_basic
D:2:      layout_loops_ring, glass_columns_b, kennysheep_generic_room_11
D:3:      minmay_chambers_of_twos, layout_loops_ring, lemuel_tele_altar
D:4:      layout_cave_pools, nzn_overflow_gifts_of_might_and_magic, zin_angel,
          lemuel_round_altar, kennysheep_generic_room_2

Skill      XL: |  1  2  3  4 |
---------------+-------------+-----
Polearms       | 5 6 |  6.7
Armour         | 2 |  2.5
Fighting       | 4 |  4.5
Dodging        | |  2.6

Action                     |  1- 3 |  4- 6 || total
---------------------------+-------+-------++-------
  Melee: Spear             |   115 |   116 ||   231
         Punch             |     1 |       ||     1
         Tailslap          |     2 |       ||     2
 Invoke: Berserk           |     2 |     3 ||     5
   Stab: Sleeping          |     1 |       ||     1
 Armour: Animal skin       |    12 |       ||    12
         Scale mail        |     7 |    22 ||    29
  Dodge: Dodged            |    31 |    37 ||    68

Table legend: (Time is in decaauts)
 A = Elapsed time spent in this place.
 B = Non-inter-level travel time spent in this place.
 C = Inter-level travel time spent in this place.
 D = Time resting spent in this place.
 E = Time spent auto-exploring this place.
 F = Levels seen in this place.
 G = Mean time per level.
                   A        B        C        D        E       F      G
               +--------+--------+--------+--------+--------+-----+--------+
         Total |   2683 |   2565 |    118 |    196 |   1913 |   4 |  670.8 |
       Dungeon |   2683 |   2565 |    118 |    196 |   1913 |   4 |  670.8 |
               +--------+--------+--------+--------+--------+-----+--------+

Top non-repeatable levels by time:
     D:3: 990 daAuts
     D:2: 857 daAuts
     D:1: 812 daAuts
     D:4: 24 daAuts
